 Dungeon Crawl Stone Soup version 0.31.0-11-ge490571c62 (webtiles) character file.

Game seed: 1590563543274138635

18 qw the Shooter (level 2, -1/16 HPs)
             Began as a Deep Elf Hunter on Feb 4, 2024.
             Slain by an adder (4 damage)
             ... on level 2 of the Dungeon.
             The game lasted 00:00:02 (590 turns).

qw the Shooter (Deep Elf Hunter)                     Turns: 590, Time: 00:00:02

Health: -1/16      AC:  3    Str:  8    XL:     2   Next: 51%
Magic:  4/4        EV:  6    Int: 13    God:
Gold:   39         SH:  0    Dex: 18    Spells: 1/1 levels left

rFire   . . .        a - +0 shortbow
rCold   . . .        (shield currently unavailable)
rNeg    . . .        c - +0 leather armour
rPois   .            (no helmet)
rElec   .            (no cloak)
rCorr   .            (no gloves)
SInv    .            (no boots)
Will    .....        (no amulet)
Stlth   ++           (no ring)
HPRegen 0.22/turn    (no ring)
MPRegen 0.09/turn

%: no passive effects
@: lethally poisoned (-1 -> -2), about to teleport, held
A: no striking features
a: no special abilities


You were on level 2 of the Dungeon.
You visited 1 branch of the dungeon, and saw 2 of its levels.

You collected 39 gold pieces.


   Skills:
 - Level 1.5 Fighting
 + Level 6.3 Ranged Weapons
 - Level 2.4 Dodging
 - Level 1.2 Stealth


You had one spell level left.
You didn't know any spells.
Your spell library was empty.

Inventory:

Hand Weapons
 a - a +0 shortbow (weapon)
Armour
 c - a +0 leather armour (worn)
Scrolls
 b - a scroll of identify
Potions
 h - a potion of enlightenment

Dungeon Overview and Level Annotations

Branches:
Dungeon (2/15)

Altars:


Message History

The arrow hits the hobgoblin!
You kill the hobgoblin!
The bat closely misses you.
You shoot an arrow. The arrow hits the bat.
You kill the bat!
An adder comes into view.
The adder moves out of view.
You shoot an arrow. The arrow hits the ribbon worm.
The ribbon worm is lightly wounded.
The ribbon worm expels a string of sticky webbing.
The stream of webbing hits you but does no damage.
You are caught in a web!
The web tears apart.
You shoot an arrow. The arrow hits the adder.
The adder is moderately wounded.
You shoot an arrow. The arrow closely misses the adder.
The adder bites you but does no damage.
You shoot an arrow. The arrow barely misses the adder.
The arrow barely misses the rat.
The adder closely misses you. x2
You shoot an arrow. The arrow hits the adder!
The adder is almost dead.
The adder bites you. The rat closely misses you.
The ribbon worm expels a string of sticky webbing.
The stream of webbing hits you but does no damage.
You are caught in a web!
The adder bites you but does no damage. The rat closely misses you.
The adder bites you.
You are poisoned.
The adder poisons you! The rat bites you but does no damage.
You feel sick.
The ribbon worm bites you but does no damage.
The adder bites you but does no damage. The rat barely misses you.
You feel sick. The adder bites you. The ribbon worm bites you.
The rat bites you.
590 ||| READING scroll of teleportation.
As you read the scroll of teleportation, it crumbles to dust.
You feel strangely unstable.
You feel sick. The adder bites you.
You die...

#.#.##..#
###.#.##..#
...#.##..######
#....%........#
#....##.#####.#
. ##.%..##.#
.......:##.#
.....#r.##.#
.[....S@...#
....?#.w####
~~~ #..# ) #..#
#..# #... ..##
#.


You could see a ribbon worm (catching breath), an adder and a rat.

Vanquished Creatures
  An endoplasm (D:1)
  A giant cockroach (D:2)
  4 hobgoblins
  2 kobolds (D:1)
  2 quokkas
  4 bats
  A frilled lizard (D:1)
  A rat (D:2)
16 creatures vanquished.

Notes
Turn   | Place    | Note
-------+----------+-------------------------------------------
     0 | D:1      | qw the Deep Elf Hunter began the quest for the Orb.
     0 | D:1      | Reached XP level 1. HP: 12/12 MP: 3/3
     0 | D:1      | 0 ||| qw: Version: 0.3-a-160-g6735b56
     0 | D:1      | 0 ||| qw: Game counter: 4873
     0 | D:1      | 0 ||| qw: Melee chars always use a shield: true
     0 | D:1      | 0 ||| qw: God list: Okawaru
     0 | D:1      | 0 ||| qw: Allow faded altars: false
     0 | D:1      | 0 ||| qw: Do Orc after clearing Dungeon:15 true
     0 | D:1      | 0 ||| qw: Do second Lair branch before Depths: true
     0 | D:1      | 0 ||| qw: Lair rune preference: random
     0 | D:1      | 0 ||| qw: Goals: Normal
     0 | D:1      | 0 ||| PLANNING D:1-11
   291 | D:1      | Reached skill level 6 in Ranged Weapons
   291 | D:1      | Reached XP level 2. HP: 16/16 MP: 4/4
   424 | D:1      | 424 ||| DROPPING ring of flight.
   425 | D:1      | 425 ||| READING 2 scrolls labelled COQI XA YTYH.
   526 | D:1      | 526 ||| READING scroll labelled HISSIN YNUXEAMU.
   526 | D:1      | 526 ||| ENCHANTING +0 shortbow.
   527 | D:1      | 527 ||| READING scroll labelled VATAYNNIOL.
   527 | D:1      | 527 ||| IDENTIFYING murky purple potion
   528 | D:1      | 528 ||| READING 2 scrolls labelled ESUL ATZURI.
   532 | D:1      | 532 ||| DROPPING scroll of butterflies.
   533 | D:1      | 533 ||| DROPPING scroll of vulnerability.
   589 | D:2      | HP: 4/16 [rat (1)]
   590 | D:2      | 590 ||| READING scroll of teleportation.
   590 | D:2      | Slain by an adder

Levels and vault maps discovered:
D:1:      dpeg_arrival_stone_temple_mockup, layout_rooms, minmay_domino_2
D:2:      layout_loops_ring, shapermc_ecumenical_altar_acropolis, serial_shops,
          shop, st_stairs_5, minmay_shallow_snake_nest

Skill      XL: |  1 |
---------------+----+-----
Ranged Weapons | 6 |  6.3
Fighting       | |  1.5
Dodging        | |  2.4
Stealth        | |  1.2

Action                     || total
---------------------------++-------
   Fire: Shortbow          ||    45
    Use: Scroll            ||     5
 Armour: Leather armour    ||    20
  Dodge: Dodged            ||    21

Table legend:
 A = Non-vault XP
 B = Vault XP
 C = Vault XP percentage of total XP
 D = Non-vault monster count
 E = Vault monster count
 F = Vault count percentage of total count
                 A         B        C        D         E       F
            +---------+---------+-------+---------+---------+-------
      Total |      25 |       2 |   7.4 |      15 |       1 |   6.2
            +---------+---------+-------+---------+---------+-------
        D:1 |      14 |       2 |  12.5 |       8 |       1 |  11.1
        D:2 |      11 |       0 |   0.0 |       7 |       0 |   0.0
            +---------+---------+-------+---------+---------+-------
